 Dungeon Crawl Stone Soup version 0.32-a0-712-g515539a (webtiles) character file.

Game seed: 2245464414218498379

2317 PidgeyThePirate the Skirmisher (level 9, 0/69 HPs)
             Began as a Coglin Hunter on Mar 15, 2024.
             Was a Priest of Okawaru.
             Succumbed to a killer bee's poison
             ... on level 9 of the Dungeon.
             The game lasted 00:13:23 (6362 turns).

PidgeyThePirate the Skirmisher (Coglin Hunter)      Turns: 6362, Time: 00:13:24

Health: 0/69       AC:  8    Str: 12 (15) XL:     9   Next: 41%
Magic:  9/9        EV: 10    Int:  8 (9)  God:    Okawaru [***...]
Gold:   285        SH:  0    Dex: 16 (18) Spells: 8/8 levels left

rFire   . . .        a - +2 sling {Birgit}
rCold   . . .        d - +0 sling {Isabel}
rNeg    . . .        o - +0 ring mail
rPois   .            (no helmet)
rElec   .            w - +0 cloak
rCorr   .            i - +0 pair of gloves
SInv    .            m - +0 pair of boots
Will    .....        (amulet unavailable)
Stlth   +            (ring unavailable)
HPRegen 0.31/turn    (ring unavailable)
MPRegen 0.11/turn    (no gizmo)

%: clarity
@: brilliant, lethally poisoned (0 -> -9), hasted, very quick
A: off-hand wielding, slow wielding, warmup strikes, no jewellery, clarity,
sense surroundings 1, MP-powered wands
a: Invent Gizmo, Renounce Religion, Heroism


You were on level 9 of the Dungeon.
You worshipped Okawaru.
Okawaru was most pleased with you.
You visited 1 branch of the dungeon, and saw 10 of its levels.

You collected 360 gold pieces.
You spent 75 gold pieces at shops.

Inventory:

Hand Weapons
 a - a +2 sling (weapon) {Birgit}
 d - a +0 sling (offhand) {Isabel}
Armour
 c - a +0 leather armour
 i - a +0 pair of gloves (worn)
 m - a +0 pair of boots (worn)
 o - a +0 ring mail (worn)
 w - a +0 cloak (worn)
 F - a +1 leather armour of positive energy
Wands
 k - a wand of charming (6)
 A - a wand of polymorph (14)
 D - a wand of warping (16)
Scrolls
 b - 2 scrolls of butterflies
 e - a scroll of silence {unknown}
 f - a scroll of teleportation
 g - 3 scrolls of enchant armour {unknown}
 h - 3 scrolls of revelation
 l - a scroll of vulnerability
 n - 2 scrolls of enchant weapon
 s - a scroll of acquirement {unknown}
 t - a scroll of torment
 u - 2 scrolls of amnesia {unknown}
 y - a scroll of blinking
 z - 3 scrolls of fog
 C - a scroll of immolation {unknown}
 E - 5 scrolls of identify
 G - a scroll of poison {unknown}
Potions
 q - a potion of attraction
 r - a potion of haste


   Skills:
 + Level 6.1 Fighting
 + Level 9.9 Ranged Weapons
 + Level 2.8 Armour
 + Level 2.4 Dodging
 + Level 1.4 Stealth


You had 8 spell levels left.
You didn't know any spells.
Your spell library contained the following spells:

 Spells                   Type           Power      Damage    Failure   Level
 Apportation              Tloc           0%         N/A       67%         1
 Freeze                   Ice            0%         1d3       67%         1
 Jinxbite                 Hex            0%         N/A       82%         2
 Sublimation of Blood     Necr           0%         N/A       82%         2
 Frozen Ramparts          Ice            0%         1d1       96%         3
 Hailstorm                Conj/Ice       0%         3d5       96%         3
 Ozocubu's Armour         Ice            0%         N/A       96%         3
 Passwall                 Erth           0%         N/A       96%         3
 Sigil of Binding         Hex            0%         N/A       96%         3
 Volatile Blastmotes      Fire/Tloc      0%         2d10      96%         3
 Passage of Golubria      Tloc           0%         N/A       100%        4
 Alistair's Intoxication  Alch           0%         N/A       100%        5
 Metabolic Englaciation   Hex/Ice        0%         N/A       100%        5
 Yara's Violent Unravell  Hex/Alch       0%         3d3       100%        5
 Bombard                  Conj/Erth      0%         9d1       100%        6
 Call Imp                 Summ           Unusable   N/A       N/A         2
 Tukima's Dance           Hex            Unusable   N/A       N/A         3
 Death Channel            Necr           Unusable   N/A       N/A         6
 Sculpt Simulacrum        Ice/Alch       Unusable   N/A       N/A         6
 Summon Hydra             Summ           Unusable   N/A       N/A         7

Dungeon Overview and Level Annotations

Branches:
Dungeon (10/15)            Temple (0/1) D:5             Orc (0/2) D:10
   Lair: D:8-11

Altars:
Ashenzari
Elyvilon
Hepliaklqana
Makhleb
Okawaru
Yredelemnul

Shops:
D:2 [   D:3 *   D:5 ?   D:10 (


Innate Abilities, Weirdness & Mutations

You can wield a second weapon in your off-hand.
It takes a long time for you to wield or remove held weapons.
Your first few attacks do less damage.
You cannot equip rings or amulets.
You possess an exceptional clarity of mind.
You passively map a small area around you.
You expend magic power (3 MP) to strengthen your wands.


Message History

There was something very wrong with that liquid.
You feel weakened.
You feel dopey.
You feel clumsy.
* * * LOW HITPOINT WARNING * * *
You feel sick. The killer bee stings you.
* * * LOW HITPOINT WARNING * * *
You are more poisoned.
The killer bee poisons you!
The killer bee stings you but does no damage.
The killer bee misses you.
It was a potion of heal wounds.
You feel much better.
You feel sick.
The killer bee stings you but does no damage.
The killer bee barely misses you. The killer bee stings you!
* * * LOW HITPOINT WARNING * * *
You are lethally poisoned!
The killer bee poisons you! The killer bee closely misses you.
It was a potion of brilliance.
You feel clever all of a sudden.
* * * LOW HITPOINT WARNING * * *
You feel very sick. The killer bee stings you.
* * * LOW HITPOINT WARNING * * *
The killer bee completely misses you. The killer bee closely misses you.
The killer bee stings you but does no damage.
The killer bee completely misses you.
It was a potion of mutation.
You feel extremely strange.
You feel your magical essence link to the dungeon's wands.
Your thoughts seem clearer.
You feel a strange attunement to the structure of the dungeons.
Your surroundings suddenly seem different.
Found a short sword, a scroll of identify and a leather armour.
Found an escape hatch in the ceiling.
* * * LOW HITPOINT WARNING * * *
You feel sick.
* * * LOW HITPOINT WARNING * * *
You feel sick.
* * * LOW HITPOINT WARNING * * *
You feel sick.
Okay, then.
Okay, then.
You die...

*## ##.#
##...### *
#..[...#
#.<...## ,
###......## *
., ##..@......#
..?#...........
..........)....
...............
#..#..#.......#
#. #####.#...##
, # ,.###... ,
*, ,.. ... ,
... ,..


There were no monsters in sight!

Vanquished Creatures
  A wyvern (D:7)
  A steam dragon (D:7)
  Menkaure (D:6)
  A water moccasin (D:7)
  Duvessa (D:6)
  An orc warrior (D:7)
  3 ice beasts
  2 sky beasts
  A centaur (D:6)
  Blork the orc (D:6)
  2 scorpions
  4 wights (D:7)
  Dowan (D:6)
  2 hounds
  2 jellies (D:7)
  A bombardier beetle (D:6)
  4 orc priests
  3 iguanas
  3 orc wizards
  Robin (D:4)
  10 adders
  A shadow imp (D:6)
  A white imp (D:7)
  An ufetubus (D:5)
  3 dart slugs
  4 ribbon worms
  16 orcs
  5 ball pythons
  6 endoplasms
  2 giant cockroaches
  16 goblins
  13 hobgoblins
  2 kobolds
  2 quokkas
  7 bats
  3 frilled lizards
  6 rats
134 creatures vanquished.

Notes
Turn   | Place    | Note
-------+----------+-------------------------------------------
     0 | D:1      | PidgeyThePirate the Coglin Hunter began the quest for the
                  | Orb.
     0 | D:1      | Reached XP level 1. HP: 16/16 MP: 1/1
   107 | D:1      | Reached XP level 2. HP: 22/22 MP: 2/2
   160 | D:1      | Reached skill level 4 in Ranged Weapons
   467 | D:1      | Reached XP level 3. HP: 27/27 MP: 3/3
  1116 | D:2      | Found Dalilowezi's Armour Shop.
  1296 | D:2      | Found a hazy altar of Hepliaklqana.
  1601 | D:3      | Reached XP level 4. HP: 34/34 MP: 4/4
  1692 | D:3      | Reached skill level 5 in Ranged Weapons
  1980 | D:3      | Reached XP level 5. HP: 39/39 MP: 5/5
  2039 | D:3      | Found Huer Rux's General Store.
  2045 | D:3      | Bought a scroll of enchant weapon for 75 gold pieces
  2521 | D:4      | Noticed Robin
  2537 | D:4      | Killed Robin
  3076 | D:5      | Entered Level 5 of the Dungeon
  3104 | D:5      | Reached skill level 6 in Ranged Weapons
  3104 | D:5      | Reached XP level 6. HP: 46/46 MP: 6/6
  3137 | D:5      | Found an iron altar of Okawaru.
  3152 | D:5      | Became a worshipper of Warmaster Okawaru
  3180 | D:5      | Found a staircase to the Ecumenical Temple.
  3345 | D:5      | Found a basalt altar of Yredelemnul.
  3394 | D:5      | Noticed an ice beast
  3417 | D:5      | Reached skill level 1 in Armour
  3439 | D:5      | Found The Oracle's Delphic Readings.
  3793 | D:5      | Killed an ice beast
  3794 | D:5      | Reached XP level 7. HP: 37/52 MP: 7/7
  4010 | D:6      | Noticed Menkaure
  4018 | D:6      | Killed Menkaure
  4018 | D:6      | Reached * piety under Okawaru
  4019 | D:6      | Reached skill level 7 in Ranged Weapons
  4165 | D:6      | Reached skill level 1 in Stealth
  4218 | D:6      | Noticed Dowan
  4219 | D:6      | Noticed Duvessa
  4223 | D:6      | Killed Dowan
  4225 | D:6      | Killed Duvessa
  4333 | D:6      | Noticed Blork the orc
  4342 | D:6      | Killed Blork the orc
  4343 | D:6      | Reached XP level 8. HP: 57/60 MP: 8/8
  4380 | D:6      | Found a broken altar of Ashenzari.
  4447 | D:6      | Reached ** piety under Okawaru
  4448 | D:6      | Reached skill level 8 in Ranged Weapons
  5107 | D:7      | Reached skill level 5 in Fighting
  5380 | D:7      | Found a white marble altar of Elyvilon.
  5418 | D:7      | Noticed a wyvern
  5427 | D:7      | Killed a wyvern
  5428 | D:7      | Reached skill level 9 in Ranged Weapons
  5570 | D:7      | Reached *** piety under Okawaru
  5571 | D:7      | Reached XP level 9. HP: 59/68 MP: 9/9
  6184 | D:7      | Found a burning altar of Makhleb.
  6295 | D:8      | You fall into a shaft and drop 2 floors!
  6295 | D:10     | Entered Level 10 of the Dungeon
  6303 | D:10     | Noticed a troll
  6323 | D:10     | Found Ceeset's Weapon Shop.
  6356 | D:9      | HP: 2/69 [poisoned by a killer bee]
  6359 | D:9      | Gained mutation: You expend magic power (3 MP) to
                  | strengthen your wands. [potion of mutation]
  6359 | D:9      | Gained mutation: You possess an exceptional clarity of
                  | mind. [potion of mutation]
  6359 | D:9      | Gained mutation: You passively map a small area around you.
                  | [potion of mutation]
  6361 | D:9      | HP: 2/69 [poisoned by a killer bee]
  6362 | D:9      | Succumbed to a killer bee's poison

Illustrated notes

Levels and vault maps discovered:
D:1:      lightli_iron_boxes, layout_loops_corners
D:2:      layout_loops_ring, basic_altar, serial_shops, shop, roderic_lattice_a
D:3:      layout_loops_cross, serial_shops, shop,
          minmay_fractal_squares_diagonal_5
D:4:      layout_basic, hangedman_glass_teeth, uniq_robin
D:5:      layout_basic, mainiacjoe_overflow_tiny_flanked, okawaru_gym_becter,
          minmay_temple_entry_grid, nicolae_nh_oracle_at_delphi
D:6:      layout_loops_ring, ashenzari_altar_1, uniq_duvessa,
          uniq_blork_the_orc, uniq_menkaure
D:7:      layout_basic, elyvilon_altar_5, bloody_makhleb
D:8:      layout_loops_corners, nicolae_hepliaklqana_hazy_memory, enter_bailey_1
D:9:      layout_cave_pools, mainiacjoe_overflow_catwalk,
          kiku_gazebo_garden_becter
D:10:     layout_basic, orc_0_dummy, serial_shops,
          nicolae_shop_bloodbath_and_beyond

Skill      XL: |  1  2  3  4  5  6  7  8  9 |
---------------+----------------------------+-----
Ranged Weapons | 4 5 6 7 9 |  9.9
Fighting       | 3 4 5 6 |  6.1
Armour         | 1 2 |  2.8
Stealth        | 1 |  1.4
Dodging        | 2 |  2.4

Action                     |  1- 3 |  4- 6 |  7- 9 || total
---------------------------+-------+-------+-------++-------
   Fire: Sling             |   156 |   306 |   354 ||   816
    Use: Potion            |       |     1 |     7 ||     8
         Scroll            |       |       |     9 ||     9
 Armour: Leather armour    |     5 |     1 |       ||     6
         Ring mail         |       |    61 |   102 ||   163
  Dodge: Dodged            |    10 |    34 |    71 ||   115

Table legend: (Time is in decaauts)
 A = Elapsed time spent in this place.
 B = Non-inter-level travel time spent in this place.
 C = Inter-level travel time spent in this place.
 D = Time resting spent in this place.
 E = Time spent auto-exploring this place.
 F = Levels seen in this place.
 G = Mean time per level.
                   A        B        C        D        E       F      G
               +--------+--------+--------+--------+--------+-----+--------+
         Total |   6428 |   6139 |    289 |      0 |   5044 |  10 |  642.8 |
       Dungeon |   6428 |   6139 |    289 |      0 |   5044 |  10 |  642.8 |
               +--------+--------+--------+--------+--------+-----+--------+

Top non-repeatable levels by time:
     D:6: 1305 daAuts
     D:4: 1085 daAuts
     D:7: 945 daAuts
     D:1: 833 daAuts
     D:2: 778 daAuts
     D:3: 724 daAuts
     D:5: 615 daAuts
     D:8: 76 daAuts
    D:10: 56 daAuts
     D:9: 7 daAuts
